 Dungeon Crawl Stone Soup version 0.30-a0-458-g86641cc369 (webtiles) character file.

Game seed: 748009816554207948

287 jlumianski the Trooper (level 6, 0/49 HPs)
             Began as a Demonspawn Fighter on Dec 15, 2022.
             Slain by a gnoll bouda
             ... wielding a +0 whip
              (7 damage)
             ... on level 4 of the Dungeon.
             The game lasted 00:13:56 (2891 turns).

jlumianski the Trooper (Demonspawn Fighter)         Turns: 2891, Time: 00:13:56

Health: 0/49       AC: 12    Str: 18    XL:     6   Next: 8%
Magic:  6/6        EV:  5    Int: 10    God:
Gold:   177        SH:  0    Dex: 12    Spells: 5/5 levels left

rFire   . . .      SeeInvis .    a - +1 war axe (freeze)
rCold   . . .      Faith    .    (no shield)
rNeg    . . .      Spirit   .    t - +0 plate armour
rPois   +          Reflect  .    (no helmet)
rElec   .          Harm     .    (no cloak)
rCorr   .          Rampage  .    (no gloves)
Will    .....                    m - +0 pair of boots
Stlth   ..........               (no amulet)
HPRegen 0.28/turn                q - ring of poison resistance
MPRegen 0.10/turn                (no ring)

@: mighty, weakened
A: claws 2, foul stench 1
a: no special abilities


You were on level 4 of the Dungeon.
You visited 1 branch of the dungeon, and saw 5 of its levels.

You collected 177 gold pieces.

Inventory:

Hand Weapons
 a - a +1 war axe of freezing (weapon)
 o - the +11 short sword "Qoybuen" {vamp, *Noise rF+ Int+3 Dex+5}
   (You found it on level 3 of the Dungeon)

   It occasionally heals its wielder for a portion of the damage dealt when it
   wounds a living foe.
   Int:       It affects your intelligence (+3).
   Dex:       It affects your dexterity (+5).
   rF:        It protects you from fire.
   *Noise:    It may make noises in combat.
Missiles
 i - 36 stones
 v - 2 poisoned darts (quivered)
Armour
 b - a +0 scale mail
 c - a +0 buckler
 m - a +0 pair of boots (worn)
 s - a +0 chain mail
 t - a +0 plate armour (worn)
Jewellery
 h - a ring of wizardry
 q - a ring of poison resistance (left claw)
Scrolls
 f - 2 scrolls of vulnerability
 g - a scroll of blinking
 j - 2 scrolls of summoning
 w - a scroll of enchant weapon
Potions
 e - a potion of degeneration
 k - a potion of haste
 l - a potion of lignification
 n - a potion of heal wounds {unknown}
 p - a potion of invisibility
 r - a potion of berserk rage {unknown}
 u - 2 potions of mutation {unknown}


   Skills:
 * Level 4.4 Fighting
 + Level 4.0 Axes
 + Level 0.3 Throwing
 + Level 3.7 Armour
 + Level 0.5 Dodging
 - Level 2.9 Shields


You had 5 spell levels left.
You didn't know any spells.
Your spell library contained the following spells:

 Spells                   Type           Power      Damage    Failure   Level
 Beastly Appendage        Tmut           0%         N/A       100%        1
 Sting                    Tmut/Pois      0%         1d3       100%        1
 Poisonous Vapours        Pois/Air       0%         N/A       100%        2
 Wereblood                Tmut           0%         N/A       100%        2
 Call Canine Familiar     Summ           0%         N/A       100%        3
 Portal Projectile        Hex/Tloc       0%         N/A       100%        3
 Spider Form              Tmut/Pois      0%         N/A       100%        3
 Leda's Liquefaction      Hex/Erth       0%         N/A       100%        4
 Olgreb's Toxic Radiance  Pois           0%         N/A       100%        4


Dungeon Overview and Level Annotations

Branches:
Dungeon (5/15)
 Temple: D:4-7

Altars:


Innate Abilities, Weirdness & Mutations

You have very sharp fingernails.
You may rarely emit foul miasma when damaged in melee.


Message History

You barely miss the gnoll.
You hit the gnoll bouda but do no damage.
The gnoll hits you but does no damage.
The gnoll bouda gazes fiercely through you!
You feel as though you will be weak longer.
The gnoll bouda hits you but does no damage.
The gnoll is engulfed in dark miasma.
The gnoll is poisoned.
The gnoll hits you with a +0 halberd.
* * * LOW HITPOINT WARNING * * *
The gnoll hits you but does no damage.
You hit the gnoll but do no damage.
The gnoll is lightly wounded.
You hit the gnoll. You freeze the gnoll. You hit the gnoll bouda.
You freeze the gnoll bouda.
The gnoll bouda barks out a call to the hunt!
The gnolls pick up the pace!
The gnoll is engulfed in dark miasma.
The gnoll looks even sicker.
You kill the gnoll!
The gnoll hits you but does no damage.
The gnoll bouda hits you but does no damage.
You feel very mighty all of a sudden. The gnoll hits you but does no damage.
The gnoll bouda hits you but does no damage.
You slash the gnoll! You freeze the gnoll.
The gnoll is severely wounded.
You hit the gnoll bouda. You freeze the gnoll bouda.
The gnoll hits you but does no damage.
The gnoll bouda hits you but does no damage.
You hit the gnoll but do no damage.
The gnoll is severely wounded.
You closely miss the gnoll bouda. The gnoll hits you with a +0 club.
* * * LOW HITPOINT WARNING * * *
The gnoll bouda hits you with a +0 whip.
* * * LOW HITPOINT WARNING * * *
The gnoll hits you but does no damage.
You hit the gnoll. You freeze the gnoll.
You kill the gnoll!
You barely miss the gnoll bouda.
The gnoll bouda hits you with a +0 whip!
You die...

.........#.#...........
..####.....).........#.
####.............. .
#..............# ..
#..............# ..
#.......#.#.#### ..
###....##.#####..#
..##. #))....####
#..... ......#@###.###
###.## #.....g.##....#
#.## ####.#..##..###
#### .. #..##### # ##
.... # .#... # #.##...
# . #... # #. ...#. #


You could see a gnoll bouda.

Vanquished Creatures
  A scorpion (D:4)
  2 hounds (D:3)
  A jelly (D:4)
  6 gnolls (D:4)
  An adder (D:4)
  A white imp (D:4)
  A worm (D:3)
  A dart slug (D:4)
  5 orcs
  6 ball pythons
  4 bats
  5 endoplasms
  3 giant cockroaches
  7 goblins
  7 hobgoblins
  2 jackals (D:2)
  7 kobolds
  2 quokkas (D:1)
  9 rats
71 creatures vanquished.

Notes
Turn   | Place    | Note
-------+----------+-------------------------------------------
     0 | D:1      | jlumianski the Demonspawn Fighter began the quest for the
                  | Orb.
     0 | D:1      | Reached XP level 1. HP: 18/18 MP: 1/1
   135 | D:1      | Discovered your monstrous ancestry.
   135 | D:1      | Gained mutation: You have sharp fingernails. [demonic
                  | ancestry]
   135 | D:1      | Reached XP level 2. HP: 17/24 MP: 2/2
   389 | D:1      | Found a faded altar of an unknown god.
   600 | D:1      | You fall into a shaft and drop 1 floor!
   620 | D:2      | Gained mutation: You have very sharp fingernails. [demonic
                  | ancestry]
   620 | D:2      | Reached XP level 3. HP: 23/29 MP: 3/3
  1905 | D:3      | Identified the +11 short sword "Qoybuen" {vamp, *Noise rF+
                  | Int+3 Dex+5}
  2073 | D:3      | Reached XP level 4. HP: 27/35 MP: 4/4
  2157 | D:4      | Noticed a necrophage
  2306 | D:4      | Reached XP level 5. HP: 41/42 MP: 5/5
  2310 | D:5      | Entered Level 5 of the Dungeon
  2738 | D:4      | Gained mutation: You may rarely emit foul miasma when
                  | damaged in melee. [demonic ancestry]
  2738 | D:4      | Reached XP level 6. HP: 36/49 MP: 6/6
  2891 | D:4      | Slain by a gnoll bouda

Illustrated notes

Levels and vault maps discovered:
D:1:      kennysheep_arrival_seaside, layout_rooms,
          ebering_ecumenical_altar_rust, minivault_25, serial_bayou_lagoon_a
D:2:      layout_basic
D:3:      layout_rooms
D:4:      layout_cave_pools, lemuel_flame_loot_1
D:5:      layout_layer_cave, uniq_blork_the_orc, uniq_eustachio

Skill      XL: |  1  2  3  4  5  6 |
---------------+-------------------+-----
Armour         | 3 |  3.7
Axes           | 2 3 4 |  4.0
Fighting       | 4 |  4.4
Throwing       | |  0.3
Dodging        | |  0.5
Shields        | |  2.9

Action                   |  1- 3 |  4- 6 || total
-------------------------+-------+-------++-------
Melee: War axe           |   114 |    69 ||   183
Throw: Dart              |       |     2 ||     2
  Use: Scroll            |     6 |     3 ||     9
       Potion            |     1 |     2 ||     3
Armor: Scale mail        |    63 |    10 ||    73
       Plate armour      |       |    38 ||    38
       Chain mail        |       |     1 ||     1
Dodge: Dodged            |    56 |    35 ||    91
Block: Buckler           |    16 |       ||    16

Table legend: (Time is in decaauts)
 A = Elapsed time spent in this place.
 B = Non-inter-level travel time spent in this place.
 C = Inter-level travel time spent in this place.
 D = Time resting spent in this place.
 E = Time spent auto-exploring this place.
 F = Levels seen in this place.
 G = Mean time per level.
                   A        B        C        D        E       F      G
               +--------+--------+--------+--------+--------+-----+--------+
         Total |   2980 |   2887 |     93 |    142 |   1295 |   5 |  596.0 |
       Dungeon |   2980 |   2887 |     93 |    142 |   1295 |   5 |  596.0 |
               +--------+--------+--------+--------+--------+-----+--------+

Top non-repeatable levels by time:
     D:1: 836 daAuts
     D:2: 786 daAuts
     D:3: 731 daAuts
     D:4: 586 daAuts
     D:5: 40 daAuts
